 Dungeon Crawl Stone Soup version 0.30.1-4-g462c640d31 (webtiles) character file.

Game seed: 10594033531914210743

6759 Almogavar the Severer (level 11, -3/97 HPs)
             Began as a Hill Orc Fighter on Aug 17, 2023.
             Was a Believer of Makhleb.
             Slain by a tengu warrior
             ... wielding a +0 heavy great sword
              (36 damage)
             ... on level 10 of the Dungeon.
             The game lasted 00:22:28 (10260 turns).

Almogavar the Severer (Hill Orc Fighter)           Turns: 10260, Time: 00:22:29

Health: -3/97      AC:  8    Str: 28    XL:     11   Next: 4%
Magic:  11/11      EV: 18    Int: 10    God:    Makhleb [**....]
Gold:   496        SH:  5    Dex: 10    Spells: 10/10 levels left

rFire   . . .        a - +0 war axe
rCold   . . .        R - +0 buckler "Wylaen" {Harm Rampage Str+2 Stlth+}
rNeg    . . .        o - +2 leather armour of Valour {rElec Str+2 Int+2}
rPois   +            (no helmet)
rElec   +            S - +0 cloak
rCorr   .            (no gloves)
SInv    .            k - +0 pair of boots
Will    .....        (no amulet)
Stlth   ++           J - +5 ring of evasion
HPRegen 0.36/turn    I - ring of poison resistance
MPRegen 0.12/turn

%: harm (+30% outgoing, +20% incoming), rampage
@: about to teleport
A: no striking features
a: Renounce Religion, Minor Destruction


You were on level 10 of the Dungeon.
You worshipped Makhleb.
Makhleb was pleased with you.
You visited 2 branches of the dungeon, and saw 11 of its levels.

You collected 683 gold pieces.
You spent 187 gold pieces at shops.

Inventory:

Hand Weapons
 a - a +0 war axe (weapon)
 m - a +6 heavy halberd
 H - a +2 morningstar of freezing
Armour
 k - a +0 pair of boots (worn)
 o - the +2 leather armour of Valour (worn) {rElec Str+2 Int+2}
   (You found it on level 2 of the Dungeon)

   Str:       It affects your strength (+2).
   Int:       It affects your intelligence (+2).
   rElec:     It insulates you from electricity.
 A - a +0 tower shield
 E - +0 steam dragon scales
 F - a +0 kite shield
 L - an orb of mayhem
 N - a +0 chain mail
 R - the +0 buckler "Wylaen" (worn) {Harm Rampage Str+2 Stlth+}
   (You found it on level 9 of the Dungeon)

   Str:       It affects your strength (+2).
   Harm:      It increases damage dealt and taken.
   Rampage:   It bestows one free step when moving towards enemies.
   Stlth:     It makes you more stealthy.
 S - a +0 cloak (worn)
Magical Staves
 r - a staff of death
Jewellery
 e - a ring of magical power
 h - a ring of protection from cold
 q - a +6 ring of dexterity
 I - a ring of poison resistance (right hand)
 J - a +5 ring of evasion (left hand)
 M - a ring of see invisible
Wands
 c - a wand of flame (8)
 s - a wand of polymorph (3)
 P - a wand of roots (2)
Scrolls
 f - 4 scrolls of amnesia
 g - 4 scrolls of enchant armour
 i - 2 scrolls of magic mapping
 l - 8 scrolls of teleportation
 y - 2 scrolls of enchant weapon {unknown}
 z - a scroll of fear {unknown}
 B - a scroll of silence {unknown}
 K - a scroll of noise {unknown}
Potions
 b - 6 potions of curing
 j - 3 potions of lignification
 n - 2 potions of haste
 t - 2 potions of berserk rage {unknown}
 u - a potion of magic {unknown}
 v - 3 potions of flight {unknown}
 w - a potion of invisibility {unknown}
 x - 2 potions of degeneration {unknown}
 C - 2 potions of attraction {unknown}
 D - 2 potions of mutation {unknown}
 G - 2 potions of brilliance {unknown}
 Q - 3 potions of heal wounds


   Skills:
 + Level 9.3 Fighting
 + Level 15.3 Axes
 + Level 6.0 Armour
 + Level 5.2 Dodging
 - Level 5.5 Shields
 + Level 1.5 Evocations


You had 10 spell levels left.
You didn't know any spells.
Your spell library contained the following spells:

 Spells                   Type           Power      Damage    Failure   Level
 Kiss of Death            Conj/Necr      0%         2d5       43%         1
 Summon Small Mammal      Summ           0%         N/A       43%         1
 Call Canine Familiar     Summ           0%         N/A       82%         3
 Confusing Touch          Hex            0%         N/A       82%         3
 Frozen Ramparts          Ice            0%         1d1       82%         3
 Portal Projectile        Hex/Tloc       0%         N/A       82%         3
 Summon Guardian Golem    Hex/Summ       0%         N/A       82%         3
 Dispel Undead            Necr           0%         3d6       99%         4
 Ice Form                 Ice/Tmut       0%         N/A       99%         4
 Leda's Liquefaction      Hex/Erth       0%         N/A       99%         4
 Summon Ice Beast         Ice/Summ       0%         N/A       99%         4


Dungeon Overview and Level Annotations

Branches:
Dungeon (10/15)            Temple (1/1) D:4            Lair (0/5) D:8
    Orc (0/2) D:10

Altars:
Ashenzari
Dithmenos
Fedhas
Gozag
Hepliaklqana
Makhleb
Nemelex Xobeh
Ru
Sif Muna
Wu Jian
Xom
Yredelemnul

Shops:
D:5 !   D:9 *!([   D:10 *[(


Message History

The death drake hisses angrily.
The gnoll sergeant attacks as you move away!
You block the gnoll sergeant's attack. The gnoll sergeant closely misses you.
The boulder beetle curls into a ball and begins rolling!
Okay, then.
Aiming: Throw Flame
Press: ? - help, Shift-Dir - straight line, f - tengu warrior
Aim: a tengu warrior, wielding a +0 heavy great sword and wearing a +0 chain mail (53% to hit)
The puff of flame hits the tengu warrior!
The tengu warrior is lightly wounded.
Aiming: Throw Flame
Press: ? - help, Shift-Dir - straight line, f/p - tengu warrior
Aim: a tengu warrior, wielding a +0 heavy great sword and wearing a +0 chain mail (lightly wounded, 53% to hit)
The puff of flame hits the tengu warrior but does no damage.
The tengu warrior is lightly wounded.
You miss the tengu warrior.
The tengu warrior is lightly wounded.
The tengu warrior hits you with a +0 heavy great sword!!
The tengu warrior barely misses you.
The tengu warrior claws you but does no damage.
You hit the tengu warrior.
The tengu warrior is lightly wounded.
You slash the tengu warrior!
The tengu warrior is moderately wounded.
The tengu warrior hits you with a +0 heavy great sword!
The tengu warrior misses you.
The tengu warrior completely misses you.
You slash the tengu warrior!
The tengu warrior is severely wounded.
The boulder beetle leaps!
You hit the tengu warrior.
The tengu warrior is severely wounded.
The tengu warrior hits you with a +0 heavy great sword!!
The tengu warrior barely misses you. You block the tengu warrior's attack.
You are too injured to fight recklessly!
You are too injured to fight recklessly!
As you read the scroll of teleportation, it crumbles to dust.
You feel strangely unstable.
The tengu warrior hits you with a +0 heavy great sword!!
You die...

#..k.TQ...9# #..# #...
#○B.g.####.# #### #...
D....##.# #.# #... .... #.#
#k# #... ... #.# #g# #... ..
###)# #T# #... . #...# #.#
#... #...# #Q# #... #...# #@#
#.## #...# #.# #.#⌠ #...# #.#
#..< #.#. #...# #.# #..# #.#.
#...# #.# #..# #.## #...# #.#
#..# #... #...# #.# #..# #...
#...# #.# #..######...
#####...####.#####...........


You could see a death drake, a tengu warrior, a troll and a gnoll sergeant.

Vanquished Creatures
  Pikel (D:7)
  An orc knight (D:10)
  Joseph (D:7)
  Maurice (D:9)
  A kobold demonologist (D:9)
  2 trolls
  Prince Ribbit (D:7)
  Grinder (D:3)
  2 wyverns (D:6)
  Eustachio (D:6)
  A golden eye (D:9)
  3 wargs (D:8)
  2 acid dragons
  A water moccasin (D:7)
  6 orc warriors
  An ice beast (D:7)
  4 ogres
  8 centaurs
  2 lemures (D:7)
  A phantom (D:6)
  A wolf (D:9)
  A bullfrog (D:7)
  4 wights (D:7)
  A killer bee (D:10)
  A howler monkey (D:10)
  3 hounds
  A jelly (D:8)
  7 orc priests
  An iguana (D:6)
  Terence (D:2)
  8 orc wizards
  3 gnolls (D:5)
  8 adders
  2 ufetubi
  A worm (D:3)
  30 orcs
  5 endoplasms
  4 giant cockroaches
  5 goblins
  8 hobgoblins
  7 jackals
  8 kobolds
  6 quokkas
  11 ball pythons
  3 bats
  A frilled lizard (D:1)
  4 rats
176 creatures vanquished.

Notes
Turn   | Place    | Note
-------+----------+-------------------------------------------
     0 | D:1      | Almogavar the Hill Orc Fighter began the quest for the Orb.
     0 | D:1      | Reached XP level 1. HP: 19/19 MP: 1/1
   129 | D:1      | Reached XP level 2. HP: 25/27 MP: 2/2
   273 | D:1      | Reached skill level 3 in Axes
   503 | D:1      | You fall into a shaft and drop 1 floor!
   535 | D:2      | Noticed Terence
   548 | D:2      | Killed Terence
   549 | D:2      | Reached XP level 3. HP: 16/33 MP: 3/3
   717 | D:2      | Identified the +2 leather armour of Valour {rElec Str+2
                  | Int+2}
   944 | D:2      | Reached skill level 4 in Axes
   944 | D:2      | Reached XP level 4. HP: 39/40 MP: 4/4
   950 | D:2      | Found a sparkling altar of Nemelex Xobeh.
  1934 | D:3      | Noticed Grinder
  1953 | D:3      | Killed Grinder
  1954 | D:3      | Reached skill level 6 in Axes
  1954 | D:3      | Reached skill level 1 in Dodging
  1954 | D:3      | Reached XP level 5. HP: 45/47 MP: 5/5
  1954 | D:3      | Reached XP level 6. HP: 51/53 MP: 6/6
  2512 | D:4      | Found a staircase to the Ecumenical Temple.
  2520 | Temple   | Entered the Ecumenical Temple
  2526 | Temple   | Became a worshipper of Makhleb the Destroyer
  2879 | D:4      | Reached skill level 7 in Axes
  2879 | D:4      | Reached XP level 7. HP: 50/60 MP: 7/7
  3275 | D:5      | Entered Level 5 of the Dungeon
  3288 | D:5      | Reached skill level 5 in Fighting
  3478 | D:5      | Reached * piety under Makhleb
  3624 | D:5      | Found Ubryav's Distillery.
  3630 | D:5      | Bought a potion of might for 52 gold pieces
  3630 | D:5      | Bought a potion of heal wounds for 65 gold pieces
  4452 | D:6      | Reached skill level 8 in Axes
  4485 | D:6      | Noticed Eustachio
  4498 | D:6      | Killed Eustachio
  4634 | D:6      | Noticed a steam dragon
  4705 | D:6      | a steam dragon changed into a wyvern
  4705 | D:6      | Noticed a wyvern
  4711 | D:6      | Killed a wyvern
  4712 | D:6      | Reached XP level 8. HP: 29/70 MP: 8/8
  4847 | D:6      | Noticed a wyvern
  4862 | D:6      | Killed a wyvern
  4863 | D:6      | Reached skill level 9 in Axes
  4863 | D:6      | Reached skill level 1 in Evocations
  5834 | D:7      | Reached skill level 10 in Axes
  5952 | D:7      | Noticed Prince Ribbit
  5960 | D:7      | Killed Prince Ribbit
  5961 | D:7      | Reached XP level 9. HP: 50/78 MP: 9/9
  5962 | D:7      | Reached skill level 11 in Axes
  6135 | D:7      | Noticed Joseph
  6149 | D:7      | Killed Joseph
  6150 | D:7      | Reached skill level 5 in Shields
  6397 | D:7      | Noticed Pikel
  6677 | D:7      | Killed Pikel
  6678 | D:7      | Reached skill level 12 in Axes
  6678 | D:7      | Reached skill level 5 in Armour
  7299 | D:8      | Reached XP level 10. HP: 74/88 MP: 10/10
  7371 | D:8      | Reached skill level 13 in Axes
  7538 | D:8      | Found a staircase to the Lair.
  7566 | D:8      | Reached ** piety under Makhleb
  8489 | D:9      | Noticed a kobold demonologist
  8500 | D:9      | Noticed a soul eater
  8504 | D:9      | Killed a kobold demonologist
  8653 | D:9      | Found Nipsezesupy's Antique Armour Shoppe.
  8661 | D:9      | Reached skill level 14 in Axes
  8667 | D:9      | Found Pigejyso's Antique Weapon Boutique.
  8979 | D:9      | Found Fatopyg's Distillery.
  8987 | D:9      | Bought a potion of heal wounds for 70 gold pieces
  9014 | D:9      | Identified the +0 buckler "Wylaen" {Harm Rampage Str+2
                  | Stlth+}
  9142 | D:9      | Noticed Maurice
  9149 | D:9      | Killed Maurice
  9300 | D:9      | Found Lak Puphy's General Store.
  9314 | D:9      | Reached skill level 5 in Dodging
  9656 | D:9      | Found an ornate altar of the Wu Jian Council.
  9656 | D:9      | Found a blossoming altar of Fedhas.
  9656 | D:9      | Found a basalt altar of Yredelemnul.
  9656 | D:9      | Found an opulent altar of Gozag.
  9657 | D:9      | Found a hazy altar of Hepliaklqana.
  9657 | D:9      | Found a shimmering blue altar of Sif Muna.
  9661 | D:9      | Found a sparkling altar of Nemelex Xobeh.
  9807 | D:10     | Entered Level 10 of the Dungeon
  9810 | D:10     | Found Gaiho's Antique Armour Emporium.
  9811 | D:10     | Found Vunaolaw's Antique Weapon Emporium.
  9812 | D:10     | Found Sedoll's General Store.
  9902 | D:10     | Noticed an orc knight
  9912 | D:10     | Killed an orc knight
  9914 | D:10     | Reached skill level 15 in Axes
 10062 | D:10     | Identified the +9 spear of the Sugar Beet {heavy, Str+2
                  | Int+2 Stlth+}
 10070 | D:10     | Found a staircase to the Orcish Mines.
 10190 | D:10     | Reached XP level 11. HP: 95/97 MP: 11/11
 10237 | D:10     | Noticed a tengu warrior
 10240 | D:10     | Noticed a boulder beetle
 10240 | D:10     | Noticed a death drake
 10260 | D:10     | Slain by a tengu warrior

Illustrated notes

Levels and vault maps discovered:
D:1:      dpeg_arrival_yet_another_circle, layout_basic, nrook_mini_backslash
D:2:      layout_basic, basic_altar, kennysheep_path_1, uniq_terence
D:3:      layout_loops_cross, uniq_grinder
D:4:      layout_basic, minmay_temple_entry_overgrown
D:5:      layout_gridville, serial_shops, nicolae_shop_tiny_statue_garden
D:6:      layout_cave_pods, nicolae_lava_and_water, uniq_eustachio
D:7:      layout_loops_ring, uniq_joseph, uniq_prince_ribbit1, uniq_pikel
D:8:      layout_basic, erik_lair_orcish_takeover, serial_rivers,
          chequers_serial_rivers_micro_c, chequers_serial_rivers_room_a,
          chequers_serial_rivers_room_b, chequers_serial_rivers_large_a,
          chequers_serial_rivers_room_a, nicolae_nh_ransacked_shop
D:9:      layout_cave_pods, minitemple, serial_shops,
          nicolae_shop_advertising_works [nicolae_subvault_shop_adworks],
          shop_coins, shop, shop, uniq_maurice
D:10:     minmay_bloctagon, layout_long_grid, grunt_temple_overflow_bloody_war,
          nicolae_shop_distant_corner_stores, uniq_josephine, uniq_urug
Temple:   compressed_dpeg_triangle_lava_temple

Skill      XL: |  1  2  3  4  5  6  7  8  9 10 |
---------------+-------------------------------+-----
Axes           | 3 4 6 7 8 10 12 15 | 15.3
Fighting       | 4 5 6 7 9 |  9.3
Dodging        | 1 2 3 4 5 |  5.2
Armour         | 4 5 6 |  6.0
Shields        | 4 5 |  5.5
Evocations     | 1 |  1.5

Action                     |  1- 3 |  4- 6 |  7- 9 | 10-12 || total
---------------------------+-------+-------+-------+-------++-------
  Melee: War axe           |    80 |   114 |   256 |   186 ||   636
  Evoke: Wand              |       |       |     5 |     5 ||    10
    Use: Scroll            |       |     2 |     6 |     3 ||    11
         Potion            |       |       |     6 |     1 ||     7
   Stab: Sleeping          |       |     1 |     1 |       ||     2
 Armour: Scale mail        |    20 |       |       |       ||    20
         Leather armour    |     9 |    46 |    50 |    25 ||   130
  Dodge: Dodged            |    33 |    67 |   147 |   144 ||   391
  Block: Buckler           |    14 |    29 |    66 |    39 ||   148
